 Dungeon Crawl Stone Soup version 0.19.0-19-g8c6edcc (webtiles) character file.

115 lorenzova the Ducker (level 4, -6/44 HPs)
             Began as a Deep Dwarf Monk on Nov 14, 2016.
             Killed from afar by Natasha (7 damage)
             ... with a magic dart
             ... on level 2 of the Dungeon.
             The game lasted 00:01:52 (851 turns).

lorenzova the Ducker (Deep Dwarf Monk)               Turns: 851, Time: 00:01:53

Health: -6/44      AC:  3    Str: 16    XL:     4   Next: 68%
Magic:  4/4        EV: 14    Int: 10    God:
Gold:   35         SH:  0    Dex: 15    Spells: 0 memorised, 3 levels left

rFire  . . .     SeeInvis .     a - +0 hand axe
rCold  . . .     Gourm    .     b - +0 robe
rNeg   . . .     Faith    .     (no shield)
rPois  .         Spirit   .     (no helmet)
rElec  .         Reflect  .     i - +0 cloak
rCorr  .         Harm     .     (no gloves)
MR     .....                    (no boots)
Stlth  ++........               (no amulet)
                                (no ring)
                                (no ring)

@: non-regenerating, slowed, very slow
A: damage resistance, recharge devices, sense surroundings 1, slow regeneration
3
a: Device Recharging


You were on level 2 of the Dungeon.
You were not hungry.

You visited 1 branch of the dungeon, and saw 2 of its levels.

You collected 35 gold pieces.

Inventory:

Hand Weapons
 a - a +0 hand axe (weapon)
Armour
 b - a +0 robe (worn)
 i - a +0 cloak (worn)
Wands
 c - a wand of heal wounds (1/9)
Scrolls
 e - 2 scrolls of identify {unknown}
Comestibles
 d - a bread ration
 f - a meat ration
 g - 6 fruits
 h - a slice of pizza


   Skills:
 * Level 3.9 Fighting
 - Level 3.2 Axes
 + Level 2.2 Armour
 + Level 4.1 Dodging
 - Level 2.4 Stealth


You had 3 spell levels left.
You didn't know any spells.

Dungeon Overview and Level Annotations

Branches:
Dungeon (2/15)

Altars:
Cheibriados

Annotations:
D:2 Natasha


Innate Abilities, Weirdness & Mutations

You are resistant to damage.
You can recharge devices by infusing magical energy.
You passively map a small area around you.
You do not regenerate.


Message History

Natasha claws you.
* * * LOW HITPOINT WARNING * * *
Natasha claws you but does no damage.
You barely miss Natasha.
Natasha is heavily wounded.
Natasha casts a spell.
Natasha claws you.
* * * LOW HITPOINT WARNING * * *
You closely miss Natasha.
Natasha is heavily wounded.
You hit the crimson imp. Natasha claws you.
* * * LOW HITPOINT WARNING * * *
The crimson imp grinds its teeth.
The crimson imp closely misses you.
You closely miss Natasha.
Natasha is heavily wounded.
You hit the crimson imp. Natasha casts a spell at you. The magic dart hits you!
You die...

, #...##.#### *###
** ####...##.# , ..
*##......<..# ,,
,.?,, ...........#
*#.***#..#######.# ,
*###.####..# #.#
*#.....##..# #.####
.##.....##..# #.....
* ....._h@....#
#.#### .##...5.##†.#
#.#
#.....##..#######.#
*###.####..........#
*#. *#..######### ..
.....# ##.......#
########


You could see Natasha and a crimson imp.

Vanquished Creatures
  Jessica (D:2)
  Natasha (twice) (D:2)
  A worm (D:2)
  A dart slug (D:1)
  3 leopard geckos
  A ball python (D:1)
  4 bats
  4 giant cockroaches
  2 goblins (D:1)
  4 hobgoblins (D:1)
  5 frilled lizards
  A kobold (D:2)
  5 rats (D:1)
34 creatures vanquished.

Notes
Turn   | Place    | Note
-------+----------+-------------------------------------------
     0 | D:1      | lorenzova the Deep Dwarf Monk began the quest for the Orb.
     0 | D:1      | Reached XP level 1. HP: 20/20 MP: 1/1
   151 | D:1      | Reached XP level 2. HP: 21/28 MP: 2/2
   158 | D:1      | Reached skill level 1 in Armour
   622 | D:1      | Reached XP level 3. HP: 34/34 MP: 3/3
   675 | D:2      | Noticed Natasha
   684 | D:2      | Killed Natasha
   690 | D:2      | Noticed Jessica
   705 | D:2      | Killed Jessica
   705 | D:2      | Reached skill level 4 in Dodging
   705 | D:2      | Reached XP level 4. HP: 15/44 MP: 4/4
   733 | D:2      | HP: 1/44 [worm (2)]
   818 | D:2      | Noticed Natasha
   830 | D:2      | Killed Natasha
   831 | D:2      | Found a snail-covered altar of Cheibriados.
   845 | D:2      | Noticed Natasha
   850 | D:2      | HP: 1/44 [Natasha (2)]
   851 | D:2      | Killed from afar by Natasha

Skill      XL: |  1  2  3  4 |
---------------+-------------+-----
Fighting       | 3 |  3.9
Armour         | 1 2 |  2.2
Dodging        | 4 |  4.1
Axes           | |  3.2
Stealth        | |  2.4

Action                   |  1- 3 |  4- 6 || total
-------------------------+-------+-------++-------
Melee: Hand axe          |    73 |    38 ||   111
Evoke: Wand              |     1 |     3 ||     4
 Stab: Sleeping          |     6 |       ||     6
Armor: Robe              |     8 |    16 ||    24
Dodge: Dodged            |    44 |    27 ||    71
